 Dungeon Crawl Stone Soup version 0.21-a0-426-g98080a9 (webtiles) character file.

37 Autsider the Twirler (level 3, -9/22 HPs)
             Began as a Gargoyle Gladiator on Nov 5, 2017.
             Killed from afar by Natasha (11 damage)
             ... with a wand of flame (?/48)
             ... on level 2 of the Dungeon.
             The game lasted 00:02:43 (228 turns).

Autsider the Twirler (Gargoyle Gladiator)            Turns: 228, Time: 00:02:44

Health: -9/22      AC:  7    Str: 18    XL:     3   Next: 39%
Magic:  3/3        EV: 12    Int:  8    God:
Gold:   29         SH:  0    Dex: 11    Spells: 2/2 levels left

rFire    . . .     SeeInvis .   a - +0 quarterstaff
rCold    . . .     Gourm    .   (shield currently unavailable)
rNeg     + . .     Faith    .   b - +0 leather armour
rPois    ∞         Spirit   .   c - +0 helmet
rElec    +         Reflect  .   (no cloak)
rCorr    .         Harm     .   (no gloves)
MR       .....                  (no boots)
Stlth    +.........             (no amulet)
HPRegen  0.07/turn              (no ring)
MPRegen  0.08/turn              (no ring)

@: no status effects
A: negative energy resistance 1, electricity resistance, unbreathing,
petrification resistance, rot immunity, AC +3
a: no special abilities


You were on level 2 of the Dungeon.
You were not hungry.

You visited 1 branch of the dungeon, and saw 2 of its levels.

You collected 29 gold pieces.

Inventory:

Hand Weapons
 a - a +0 quarterstaff (weapon)
Missiles
 d - 3 throwing nets (quivered)
Armour
 b - a +0 leather armour (worn)
 c - a +0 helmet (worn)
Scrolls
 e - a scroll of identify {unknown}
Comestibles
 f - a bread ration
 g - 2 fruits
 h - a royal jelly
 i - 10 chunks of flesh


   Skills:
 + Level 2.4 Fighting
 + Level 3.6 Staves
 + Level 1.8 Throwing
 + Level 0.1 Armour
 + Level 2.9 Dodging
 + Level 0.7 Stealth


You had 2 spell levels left.
You didn't know any spells.

Dungeon Overview and Level Annotations

Branches:
Dungeon (2/15)

Altars:

Annotations:
D:2 Natasha


Innate Abilities, Weirdness & Mutations

You are resistant to torment.
Your stone body is resilient. (AC +3)
You are immune to poison.
You resist negative energy. (rN+)
You are resistant to electric shocks. (rElec)
You can survive without breathing.
You are immune to petrification.
You are immune to rotting.


Message History

You have reached level 3!
Your experience leads to an increase in your attributes!
Increase (S)trength, (I)ntelligence, or (D)exterity?
You feel stronger.
You now have 29 gold pieces (gained 17).
A jackal comes into view.
You see here a scroll labeled ECOYQY TEABB.
e - a scroll labeled ECOYQY TEABB The jackal barks!
You hear a bark!
Natasha, Servant of Life and Death comes into view.
Natasha casts a spell at you. The magic dart hits you!
Natasha zaps a wand.
The puff of flame hits you!
It is a wand of flame (?/48).
Natasha zaps a wand.
The puff of flame hits you!
* * * LOW HITPOINT WARNING * * *
There is a stone staircase leading up here.
The jackal bites you but does no damage.
Natasha zaps a wand.
The puff of flame hits you!
Ouch! That really hurt!
You die...

#.............. #
#..............
..#.............
.............!.
............#
............#####
................#
###..^..........#
#........h@...#
######........#
#...h....#
#.............
#..........#...
#..........# ..
#..........# .
#.>..##'####


You could see Natasha and a jackal.

Vanquished Creatures
  Natasha (D:2)
  A leopard gecko (D:1)
  2 bats (D:1)
  A goblin (D:1)
  A hobgoblin (D:1)
  4 jackals (D:1)
10 creatures vanquished.

Notes
Turn   | Place    | Note
-------+----------+-------------------------------------------
     0 | D:1      | Autsider the Gargoyle Gladiator began the quest for the Orb.
     0 | D:1      | Reached XP level 1. HP: 12/12 MP: 1/1
   186 | D:1      | Reached XP level 2. HP: 16/17 MP: 2/2
   211 | D:2      | Noticed Natasha
   216 | D:2      | Killed Natasha
   216 | D:2      | Reached XP level 3. HP: 19/22 MP: 3/3
   223 | D:2      | Noticed Natasha
   228 | D:2      | Killed from afar by Natasha

Vault maps used:
D:1:      co_arrival_square_in_a_square_in_a_square
D:2:      minivault_11, uniq_natasha, uniq_terence

Action                   || total
-------------------------++-------
Melee: Quarterstaff      ||    36
 Stab: Sleeping          ||     1
Armor: Leather armour    ||    29
Dodge: Dodged            ||    61

Table legend:
 A = Spawn XP
 B = Non-spawn XP
 C = Spawn XP percentage of total XP
 D = Spawn monster count
 E = Non-spawn monster count
 F = Spawn count percentage of total count
 G = Total turns spent on level
                    A         B        C        D         E        F      G
               +---------+---------+-------+---------+---------+-------+---------
         Total |       0 |      53 |   0.0 |       0 |      10 |   0.0 |   228
               +---------+---------+-------+---------+---------+-------+---------
           D:1 |       0 |      18 |   0.0 |       0 |       9 |   0.0 |   211
           D:2 |       0 |      35 |   0.0 |       0 |       1 |   0.0 |    17
               +---------+---------+-------+---------+---------+-------+---------
